AoeStats
← miguelon01

Arena

508674692Analyzed
4v4 RM · 9d ago on Sep 23, 2026· 33m 52s· 8 players
Game mode
Random Map
Map size
Large (8 player)
Population
200
Speed
Normal
Resources
Standard
Victory
Conquest
Starting age
Dark Age
Ending age
Imperial Age
RankedLock teamsTeams togetherTeam positionsShared explorationLock speedFull tech treeHidden civsTurbo modeCheats
Victory
Defeat
🇧🇷 Malay · Brazil
1161
+14
🇮🇳 Spanish · India
1147
+15
🇮🇹 Cumans · Italy
1144
+15
🇨🇳 Magyars · China
1076
+17
🇨🇳 Khmer · China
1135
-16
🇦🇹 Japanese · Austria
1119
-15
🇨🇳 Goths · China
1109
-15
🇬🇧 Poles · United Kingdom
1107
-15
BIGBALZIE
4:45 Loom
11:57 Feudal Age
16:16 Castle Age
14:02 Horse Collar
14:16 Double-Bit Axe
17:07 Forging
17:03 Scale Barding Armor
17:49 Bow Saw
19:34 Light Cavalry
23:01 Bloodlines
24:25 Iron Casting
24:11 Chain Barding Armor
newworldorder
zhuge2021
darker
10:31 Feudal Age
15:24 Castle Age
13:15 Double-Bit Axe
16:52 Horse Collar
17:32 Bow Saw
17:35 Horse Collar
Tikka Masala
9:29 Feudal Age
10:37 Double-Bit Axe
10:34 Horse Collar
18:53 Castle Age
17:33 Wheelbarrow
16:56 Loom
19:46 Bow Saw
19:02 Capped Ram
33:25 Imperial Age
32:37 Light Cavalry
HAHAR
11:52 Feudal Age
12:54 Double-Bit Axe
13:01 Horse Collar
15:36 Castle Age
15:21 Loom
16:19 Heavy Plow
16:31 Bow Saw
16:54 Loom
21:39 Husbandry
22:42 Wheelbarrow
22:55 Husbandry
24:21 Scale Barding Armor
26:12 Bloodlines
27:49 Hand Cart
30:11 Stone Mining
30:12 Gold Mining
34:58 Imperial Age
32:15 Town Watch
34:34 Thumb Ring
34:51 Chain Barding Armor
34:32 Padded Archer Armor
34:22 Fletching
miguelon01
10:44 Feudal Age
16:58 Castle Age
15:12 Stone Mining
15:10 Loom
15:55 Double-Bit Axe
17:13 Horse Collar
22:18 Forging
24:08 Gold Mining
27:52 Iron Casting
28:33 Wheelbarrow
31:45 Imperial Age
30:15 Bow Saw
30:07 Heavy Plow
30:52 Spies/Treason
Null Pointer
12:17 Feudal Age
12:42 Double-Bit Axe
12:39 Horse Collar
13:46 Loom
16:14 Castle Age
14:32 Stone Mining
18:21 Padded Archer Armor
28:27 Bow Saw
31:09 Imperial Age
28:34 Gold Mining
31:53 Wheelbarrow
31:18 Spies/Treason
Connection lost

Rejoining the realm…

Still unreachable

The connection could not be restored.

Session expired

The server has moved on; the page needs a fresh start.